 Dungeon Crawl Stone Soup version 0.30-a0-1161-g0704695555 (webtiles) character file.

Game seed: 15877159876849721967

1673244 Arzdou the Conqueror (level 27, 271/271 (273) HPs)
             Began as a Hill Orc Fighter on Apr 27, 2023.
             Was an Initiate of Gozag.
             Escaped with the Orb
             ... and 3 runes!
             The game lasted 03:10:10 (67386 turns).

Arzdou the Conqueror (Hill Orc Fighter)            Turns: 67386, Time: 03:10:11

HP:   271/271 (273) AC: 46    Str: 29    XL:     27
MP:   25/25         EV: 10    Int: 10    God:    Gozag
Gold: 1806          SH: 29    Dex:  8    Spells: 25/28 levels left

rFire   + + .        a - +6 broad axe of Excruciating Pain {protect, +Blink rN+}
rCold   + + +        D - +6 tower shield {AC+3}
rNeg    + . .        A - +9 scales of the Dragon King {rPois rF+ rC+ Will+}
rPois   +            J - +4 hat "Waqauq" {Fly}
rElec   .            q - scarf {rC+ rF+}
rCorr   +            z - +3 pair of gauntlets of War {Slay+5}
SInv    .            U - +0 pair of boots
Will    ++++.        i - amulet of regeneration Stlth
                     b - ring of Intercession {rPois rC+ rCorr AC+4}
HPRegen 1.45/turn    P - ring of willpower
MPRegen 0.19/turn

%: clarity
@: flying, studying Ice Magic, lightly drained
A: clarity, clumsy 1, deformed body, dopey 1, inhibited regeneration, inability
to drink after injury 1, noise suppression
0: Orb of Zot
}: 3/15 runes: serpentine, barnacled, abyssal
a: Renounce Religion, Evoke Blink, Potion Petition, Call Merchant, Bribe Branch


You escaped.
You worshipped Gozag.
Gozag was most pleased with you.
You visited 9 branches of the dungeon, and saw 45 of its levels.
You visited the Abyss 3 times.
You also visited: Bailey and Ice Cave.

You collected 28644 gold pieces.
You spent 5472 gold pieces at shops.
You paid 21366 gold pieces to Gozag.

Inventory:

Hand Weapons
 a - the +6 broad axe of Excruciating Pain (weapon) {protect, +Blink rN+}
   (You acquired it on level 7 of the Dungeon)

   rN:        It protects you from negative energy.
   +Blink:    It lets you blink.
 E - a +5 heavy broad axe
Missiles
 T - 4 throwing nets (quivered)
Armour
 q - a scarf of resistance (worn)
 y - a +0 cloak of willpower
 z - the +3 pair of gauntlets of War (worn) {Slay+5}
   (You bought it in a shop on level 3 of the Elven Halls)

   Slay:      It affects your accuracy & damage with ranged weapons and melee
   (+5).
 A - the +9 scales of the Dragon King (worn) {rPois rF+ rC+ Will+}
   (You bought it in a shop on level 5 of the Dungeon)

   rF:        It protects you from fire.
   rC:        It protects you from cold.
   rPois:     It protects you from poison.
   Will:      It increases your willpower.
 D - a +6 tower shield of protection (worn)
 J - the +4 hat "Waqauq" (worn) {Fly}
   (You found it on level 8 of the Dungeon)

   Fly:       It grants you flight.
 U - a +0 pair of boots (worn)
Jewellery
 b - the ring of Intercession (left hand) {rPois rC+ rCorr AC+4}
   (You took it off a vampire knight on level 2 of the Depths)

   [ring of protection]

   AC:        It affects your AC (+4).
   rC:        It protects you from cold.
   rPois:     It protects you from poison.
   rCorr:     It protects you from acid and corrosion.
 c - the ring "Fyam" {rPois rCorr SInv}
   (You bought it in a shop on level 2 of the Snake Pit)

   [ring of resist corrosion]

   rPois:     It protects you from poison.
   SInv:      It lets you see invisible.
   rCorr:     It protects you from acid and corrosion.
 i - an amulet of regeneration (around neck)
 o - the necklace of Bloodlust {Fury *Rage Will++ Int-3 Slay+6}
   (You bought it in a shop on level 2 of the Snake Pit)

   [amulet of nothing]

   Fury:      It extends the wearer's berserk rage when killing foes.
   Int:       It affects your intelligence (-3).
   Slay:      It affects your accuracy & damage with ranged weapons and melee
   (+6).
   *Rage:     It berserks you when you make melee attacks (+50% chance).
   Will:      It greatly increases your willpower.
 F - the amulet of the Air {Inacc Air Fly rElec RMsl}
   (You took it off a yellow draconian on level 2 of the Realm of Zot)

   [amulet of nothing]

   Inacc:     It reduces the accuracy of your attacks and spells.
   Air:       It enhances your air magic.
   rElec:     It insulates you from electricity.
   Fly:       It grants you flight.
   RMsl:      It protects you from missiles.
 P - a ring of willpower (right hand)
 V - the amulet of the Scarab {Acrobat rN+++ Will- Int+4}
   (You took it off a deep elf master archer on level 3 of the Elven Halls)

   [amulet of the acrobat]

   It increases your evasion while moving and waiting.
   Int:       It affects your intelligence (+4).
   rN:        It renders you almost immune to negative energy.
   Will:      It decreases your willpower.
Wands
 d - a wand of mindburst (49)
 h - a wand of flame (114)
 t - a wand of polymorph (19)
 x - a wand of paralysis (67)
 H - a wand of digging (32)
 L - a wand of roots (45)
 Z - a wand of acid (17)
Scrolls
 e - 8 scrolls of poison
 f - 7 scrolls of vulnerability
 j - 4 scrolls of torment
 n - 5 scrolls of amnesia
 u - 4 scrolls of silence
 v - 6 scrolls of enchant weapon
 I - 2 scrolls of butterflies
 M - 10 scrolls of fear
 N - 10 scrolls of teleportation
 R - 5 scrolls of immolation
 S - 2 scrolls of magic mapping
 X - 9 scrolls of fog
Potions
 g - 8 potions of brilliance
 k - 19 potions of curing
 l - a potion of berserk rage
 m - a potion of resistance
 p - 4 potions of ambrosia
 r - 7 potions of attraction
 s - 5 potions of flight
 w - 2 potions of might
 B - 2 potions of heal wounds
 C - 3 potions of mutation
 G - 6 potions of magic
 O - 3 potions of cancellation
 Q - 4 potions of invisibility


   Skills:
 O Level 27 Fighting
 + Level 0.6 Long Blades
 O Level 27 Axes
 + Level 2.2(15.5) Maces & Flails
 * Level 24.1 Armour
 * Level 12.0 Dodging
 + Level 5.4 Stealth
 O Level 27 Shields
 + Level 1.4 Spellcasting
 + Level 3.0 Ice Magic


You had 25 spell levels left.
You knew the following spells:

 Your Spells              Type           Power      Damage    Failure   Level
a - Ozocubu's Armour      Ice            6%         N/A       90%         3

Your spell library contained the following spells:

 Spells                   Type           Power      Damage    Failure   Level
 Freeze                   Ice            24%        1d4       56%         1
 Ensorcelled Hibernation  Hex/Ice        6%         N/A       89%         2
 Frozen Ramparts          Ice            12%        1d2       90%         3
 Apportation              Tloc           0%         N/A       94%         1
 Beastly Appendage        Tmut           0%         N/A       94%         1
 Necrotise                Necr           0%         1d4       94%         1
 Shock                    Conj/Air       0%         1d3       94%         1
 Summon Small Mammal      Summ           0%         N/A       94%         1
 Blink                    Tloc           0%         N/A       98%         2
 Lesser Beckoning         Tloc           0%         N/A       98%         2
 Momentum Strike          Conj/Tloc      0%         3d8       98%         2
 Passwall                 Tmut/Erth      0%         N/A       98%         2
 Scorch                   Fire           0%         2d5       98%         2
 Static Discharge         Conj/Air       0%         2-2/arc   98%         2
 Wereblood                Tmut           0%         N/A       98%         2
 Hailstorm                Conj/Ice       3%         3d3       98%         3
 Dazzling Flash           Conj/Hex       0%         N/A       100%        3
 Inner Flame              Hex/Fire       0%         N/A       100%        3
 Portal Projectile        Hex/Tloc       0%         N/A       100%        3
 Spider Form              Tmut/Pois      0%         N/A       100%        3
 Swiftness                Air            0%         N/A       100%        3
 Tukima's Dance           Hex            0%         N/A       100%        3
 Vampiric Draining        Necr           0%         2d6       100%        3
 Vhi's Electric Charge    Tloc/Air       0%         N/A       100%        3
 Airstrike                Air            0%         2d(0-16)  100%        4
 Anguish                  Hex/Necr       0%         N/A       100%        4
 Animate Armour           Summ/Erth      0%         N/A       100%        4
 Cause Fear               Hex            0%         N/A       100%        4
 Flame Wave               Conj/Fire      0%         2d4       100%        4
 Leda's Liquefaction      Hex/Erth       0%         N/A       100%        4
 Olgreb's Toxic Radiance  Pois           0%         N/A       100%        4
 Passage of Golubria      Tloc           0%         N/A       100%        4
 Summon Lightning Spire   Summ/Air       0%         N/A       100%        4
 Agony                    Necr           0%         N/A       100%        5
 Alistair's Intoxication  Tmut/Pois      0%         N/A       100%        5
 Arcjolt                  Conj/Air       0%         1d10      100%        5
 Blade Hands              Tmut           0%         N/A       100%        5
 Borgnjor's Vile Clutch   Necr/Erth      0%         N/A       100%        5
 Lee's Rapid Deconstruct  Erth           0%         3d4*      100%        5
 Metabolic Englaciation   Hex/Ice        1%         N/A       100%        5
 Silence                  Hex/Air        0%         N/A       100%        5
 Summon Forest            Summ/Tloc      0%         N/A       100%        5
 Summon Mana Viper        Hex/Summ       0%         N/A       100%        5
 Yara's Violent Unravell  Hex/Tmut       0%         3d3       100%        5
 Eringya's Noxious Bog    Tmut/Pois      0%         N/A       100%        6
 Iron Shot                Conj/Erth      0%         9d1       100%        6
 Plasma Beam              Fire/Air       0%         2x1d11    100%        6
 Statue Form              Tmut/Erth      0%         N/A       100%        6
 Summon Cactus Giant      Summ           0%         N/A       100%        6
 Dragon Form              Tmut           0%         N/A       100%        7
 Enfeeble                 Hex            0%         N/A       100%        7
 Malign Gateway           Summ/Tloc      0%         N/A       100%        7
 Ozocubu's Refrigeration  Ice            3%         4d8       100%        7
 Storm Form               Tmut/Air       0%         N/A       100%        7
 Summon Hydra             Summ           0%         N/A       100%        7
 Discord                  Hex            0%         N/A       100%        8
 Ignition                 Fire           0%         3d3       100%        8
 Maxwell's Capacitive Co  Air            0%         ∞         100%        8
 Summon Horrible Things   Summ           0%         N/A       100%        8
 Simulacrum               Ice/Necr       Unusable   N/A       N/A         6

Dungeon Overview and Level Annotations

Branches:
Dungeon (15/15)            Temple (0/1) D:5            Lair (5/5) D:11
 Shoals (4/4) Lair:2        Snake (4/4) Lair:2        Slime (0/5) Lair:5
    Orc (2/2) D:12            Elf (3/3) Orc:2        Vaults (3/5) D:14
  Crypt (0/3) Vaults:2     Depths (4/4) D:15            Zot (5/5) Depths:4
 Bailey (visited)           IceCv (visited)

Altars:
Cheibriados
Dithmenos
Elyvilon
Fedhas
Gozag
Hepliaklqana
Kikubaaqudgha
Makhleb
Nemelex Xobeh
Okawaru
Qazlal
Ru
Trog
Vehumet
Wu Jian
Xom
Zin
The Shining One
Jiyva
Lugonu

Shops:
D:4 ***=   D:5 [   D:6 *   D:9 *   D:11 (   D:14 ?   Orc:1 *   Orc:2 :**?
Elf:3 [*   Lair:5 =   Shoals:1 [   Shoals:4 :   Snake:2 =   Snake:3 !
Vaults:1 *   Vaults:2 [   Depths:2 !(

Portals:
Hell: Depths:1 Depths:2 Depths:3 Depths:4
Abyss: Depths:1 Depths:3
Pandemonium: Depths:2 Depths:4
Ziggurat: Depths:4

Annotations:
Lair:2 exclusion: oklob plant
Zot:4 3 runed translucent doors, Beel's ghost, master NaVM


Innate Abilities, Weirdness & Mutations

You possess an exceptional clarity of mind.
You are clumsy. (Dex -2)
Armour fits poorly on your strangely shaped body.
You are dopey. (Int -2)
You do not regenerate when monsters are visible.
You occasionally lose the ability to drink potions when taking damage.
You passively dampen the noise of your surroundings.


Message History

Itra flickers and vanishes!
A reaper comes into view. It is wielding a +5 scythe.
The lich mumbles some strange words.
The lich seems to speed up.
A rust devil comes into view.
The lich gestures wildly while chanting.
The lich flickers and vanishes!
You block the rust devil's attack.
You see here a +0 robe.
You block the rust devil's attack.
The rust devil attacks as you move away!
The rust devil barely misses you.
The rust devil attacks as you move away!
The rust devil barely misses you.
The rust devil attacks as you move away!
You block the rust devil's attack.
There is an escape hatch in the ceiling here.
A mysterious force pulls you upwards. The hatch slams shut behind you.
Reactivating autopickup.
HP restored.
There is a stone staircase leading up here.
You fly upwards.
There is a stone staircase leading down here.
There is a stone staircase leading up here.
You fly upwards.
There is a stone staircase leading down here.
Things that are here:
a +0 dagger; a +0 club
There is a stone staircase leading up here.
You fly upwards.
There is a stone staircase leading down here.
An Orb Guardian comes into view.
There is a stone staircase leading up here.
You fly upwards.
There is a stone staircase leading down here.
There is a stone staircase leading up here.
You fly upwards.
There is a stone staircase leading down here.
You see here a +0 short sword.
There is a staircase leading out of the dungeon here.
You have escaped!

############# #########
#≈≈≈≈~~~≈≈≈≈# ........#
#≈≈≈≈...~≈≈≈#
#######.###≈≈~.....≈≈≈#
# #...#≈~~..@.~.~≈# #
#####≈~......~~~#
#~~.......~≈#
#≈~..~~~..~≈#
#######~~..~~≈~.≈~#
#.....#~..~.~~~..~#
#.#####~..~~≈.~~..# #.#
#...≈≈≈≈....# ### #.#
####.~≈≈≈≈~~~.#


There were no monsters in sight!

Vanquished Creatures
  A dread lich (Zot:5)
  4 orbs of fire
  An ancient lich (Zot:5)
  A pandemonium lord (D:13)
  Mennas (Vaults:2)
  Sojobo (Vaults:2)
  7 Killer Klowns
  Xtahua (Vaults:3)
  2 curse toes
  Saint Roka (Depths:2)
  Nikola (Depths:2)
  7 golden dragons
  3 bone dragons
  3 doom hounds (Depths:2)
  A Tzitzimitl (Depths:2)
  A Brimstone Fiend (D:8)
  Jorgrun (Orc:1)
  4 electric golems
  13 tentacled monstrosities
  Rupert (Lair:3)
  17 Orb Guardians
  4 quicksilver dragons
  Mlioglotl (Shoals:3)
  Grunn (Depths:2)
  3 deep elf blademasters
  2 deep elf master archers (Elf:3)
  2 walking divine tomes
  4 titans
  3 krakens
  An Executioner (Abyss:5)
  Asterion (Vaults:3)
  An acid blob (Zot:5)
  5 death cobs
  An ancient champion (Vaults:2)
  7 sphinxes
  5 tengu reavers
  24 storm dragons
  6 tentacled starspawn
  8 shadow dragons
  Donald (Vaults:2)
  A revenant (Vaults:2)
  14 fire giants
  5 draconian monks
  Roxanne (D:14)
  8 draconian knights
  A daeva (Abyss:4)
  17 nagarajas
  8 frost giants
  2 ghost moths
  10 vault wardens
  8 draconian scorchers
  5 deep elf sorcerers (Elf:3)
  Aizul (Shoals:2)
  Louise (Shoals:2)
  9 ironbound preservers
  7 deep elf elementalists (Elf:3)
  3 spriggan defenders
  An orc warlord (Vaults:3)
  10 draconian annihilators
  6 draconian stormcallers
  3 draconian shifters
  3 reapers
  11 stone giants
  5 war gargoyles
  11 very ugly things
  7 ironbound thunderhulks
  4 vampire knights (Depths:2)
  16 dire elephants
  8 green draconians
  7 deep elf demonologists
  The ghost of Uzysm the Cleaver, a journeyman DsBe of Trog (Lair:4)
  A putrid mouth (Depths:2)
  A lorocyproca (Abyss:4)
  14 yellow draconians
  18 red draconians
  15 black draconians
  4 deep elf annihilators
  11 white draconians
  Snorg (D:10)
  5 spark wasps
  14 purple draconians
  9 deep elf death magi (Elf:3)
  A quicksilver dragon zombie (Depths:2)
  11 merfolk impalers
  3 crystal guardians
  5 ettins
  7 fire dragons
  2 entropy weavers (Vaults:2)
  4 deep elf high priests
  3 jiangshi
  8 merfolk javelineers
  7 yaktaur captains
  13 ice dragons
  6 great orbs of eyes
  A rakshasa (Depths:2)
  3 peacekeepers
  5 vault guards (D:14)
  Harold (D:9)
  A hell beast (Depths:1)
  2 salamander tyrants
  20 anacondas
  An ogre mage (D:14)
  6 spriggan air magi
  8 centaur warriors
  4 alligator snapping turtles
  2 hydras
  6 boulder beetles
  4 merfolk avatars
  6 two-headed ogres
  18 naga warriors
  4 satyrs
  28 dancing weapons
  4 merfolk aquamancers (Shoals:4)
  An alligator (shapeshifter) (Abyss:4)
  6 death yaks (Lair:3)
  2 ironbound frosthearts
  9 deep troll shamans
  13 deep troll earth magi
  6 orc high priests
  9 tengu warriors
  3 vampire magi
  6 spriggan berserkers
  Urug (Lair:3)
  16 naga sharpshooters
  Nergalle (Orc:1)
  22 deep elf knights
  A sun demon (D:15)
  8 shock serpents
  Sonja (Lair:3)
  A thrashing horror (Abyss:5)
  A wretched star (Abyss:4)
  7 iron trolls
  16 hell knights
  The ghost of windycow the Trooper, a novice DsGl of Hepliaklqana (D:8)
  4 skeletal warriors
  A spatial maelstrom (Abyss:5)
  5 skysharks
  10 sea snakes
  51 deep trolls
  4 glowing orange brains
  A swamp dragon (Lair:5)
  8 salamander mystics
  An orb spider (shapeshifter) (Vaults:2)
  A kraken simulacrum (Shoals:4)
  A spark wasp zombie (Depths:2)
  5 naga ritualists
  3 phantasmal warriors
  34 deep elf pyromancers
  A steelbarb worm (shapeshifter) (Depths:3)
  9 ironbound convokers
  A shadow demon (D:11)
  9 wizards
  12 lindwurms
  30 harpies
  27 deep elf zephyrmancers
  9 orc knights
  9 deep elf archers
  An orange crystal statue (Elf:3)
  The ghost of PostNTower the Ruffian, a novice DrTm of Hepliaklqana (D:7)
  6 necromancers
  An obsidian statue (Zot:5)
  An oklob plant (Lair:4)
  5 cyclopes
  11 mana vipers
  27 moths of wrath
  2 fire giant zombies
  4 orc sorcerers (Orc:2)
  13 ugly things
  A human zombie (Vaults:3)
  17 salamanders
  21 manticores
  10 fauns
  An elephant (shapeshifter) (Abyss:4)
  A worldbinder (Abyss:5)
  28 black mambas
  11 merfolk sirens
  A water nymph (shapeshifter) (Abyss:5)
  13 naga magi
  18 elephants (Lair:5)
  2 apocalypse crabs
  2 rust devils (Depths:4)
  6 water nymphs
  Joseph (D:7)
  13 vault sentinels
  5 smoke demons
  5 torpor snails (Lair:5)
  6 guardian serpents
  12 cane toads
  A titan simulacrum (Abyss:5)
  2 ice statues (IceCv)
  A fire giant skeleton (Vaults:3)
  2 gargoyles
  An unseen horror (D:12)
  A cane toad (shapeshifter) (D:14)
  3 rime drakes (Lair:5)
  2 kobold demonologists
  A hellion (Depths:4)
  3 efreet
  46 yaktaurs
  A tengu conjurer (D:12)
  3 ancient zymes
  3 ice devils
  5 komodo dragons
  3 trolls
  3 freezing wraiths
  12 wind drakes
  A red devil (Depths:4)
  A tengu simulacrum (Vaults:3)
  40 merfolk
  The ghost of roxyxy the Digger, a novice GrEE of Hepliaklqana (D:5)
  A silent spectre (Abyss:4)
  4 tyrant leeches (Lair:5)
  9 hornets
  22 blink frogs
  5 raiju
  A sphinx simulacrum (Depths:2)
  8 dream sheep
  2 air elementals
  12 snapping turtles
  7 large abominations
  2 jumping spiders
  18 slime creatures
  A slime creature (shapeshifter) (Depths:4)
  A spriggan (Depths:3)
  18 water elementals
  A ynoxinul (Abyss:4)
  4 shadows
  3 wraiths
  2 fire bats (Abyss:4)
  Eustachio (D:5)
  46 yaks
  8 basilisks
  6 wyverns
  21 fire elementals
  9 starcursed masses (Abyss:5)
  2 redbacks
  A neqoxec (Abyss:3)
  5 steam dragons
  A redback (shapeshifter) (Depths:3)
  2 vampire mosquitoes (D:11)
  A chaos spawn (Abyss:5)
  4 wargs
  An elf skeleton (Vaults:3)
  49 nagas
  14 water moccasins
  4 hell hounds (Zot:5)
  A human skeleton (Depths:2)
  2 swamp drakes (Lair:5)
  43 orc warriors
  A black bear (D:6)
  9 ogres
  3 wolves (Lair:5)
  14 centaurs
  5 kobold brigands
  7 bullfrogs
  3 scorpions
  5 earth elementals
  A small abomination (Abyss:4)
  A gnoll sergeant (D:8)
  2 hornet simulacra
  An elephant simulacrum (IceCv)
  6 killer bees
  6 electric eels
  3 howler monkeys
  3 lava snakes (D:8)
  4 hounds
  4 jellies
  6 sleepcaps
  18 orc priests
  3 gnoll boudas
  3 iguanas
  29 orc wizards
  A wolf simulacrum (IceCv)
  Robin (D:4)
  15 gnolls
  6 adders
  A white imp (D:3)
  2 ufetubi
  A worm (D:4)
  113 orcs
  6 bats
  5 endoplasms
  3 giant cockroaches
  17 goblins
  12 hobgoblins
  8 jackals
  23 kobolds
  2 quokkas
  6 ball pythons
  3 frilled lizards
  A goblin zombie (D:3)
  3 hobgoblin zombies (D:3)
  2 kobold skeletons (D:3)
  3 kobold zombies (D:3)
  An orc skeleton (D:3)
  An orc zombie (D:3)
  2 rats
  A lurking horror (Abyss:5)
  A plant (Lair:5)
  A spectral weapon (Vaults:3)
  4 starspawn tentacles
  A tentacle (Shoals:2)
2107 creatures vanquished.

Vanquished Creatures (collateral kills)
  A dread lich (Zot:5)
  2 Killer Klowns (Zot:5)
  2 electric golems (Zot:5)
  5 Orb Guardians (Zot:5)
  A ghost moth (Zot:5)
  An alligator (Zot:5)
12 creatures vanquished.

Vanquished Creatures (others)
  A dread lich (Zot:5)
  An orb of fire (Zot:5)
  2 Killer Klowns (Zot:5)
  3 Orb Guardians (Zot:5)
  A red draconian (Zot:4)
  A merfolk aquamancer (Shoals:4)
  A deep elf knight (Elf:1)
  A deep elf zephyrmancer (Elf:2)
  A mana viper (Snake:2)
  A black mamba (Snake:4)
  2 water elementals
  An orc warrior (Elf:1)
  An orc priest (Orc:2)
  An orc wizard (Elf:1)
  2 orcs (Elf:1)
  50 fungi
  152 plants
  7 starspawn tentacles
  14 tentacles
243 creatures vanquished.

Grand Total: 2362 creatures vanquished

Notes
Turn   | Place    | Note
-------+----------+-------------------------------------------
     0 | D:1      | Arzdou the Hill Orc Fighter began the quest for the Orb.
     0 | D:1      | Reached XP level 1. HP: 19/19 MP: 1/1
   255 | D:1      | Reached XP level 2. HP: 27/27 MP: 2/2
   256 | D:1      | Found a faded altar of an unknown god.
   730 | D:1      | Prayed at the altar of an unknown god.
   730 | D:1      | Became a worshipper of Gozag Ym Sagoz the Greedy
   765 | D:2      | Reached skill level 1 in Ice Magic
   765 | D:2      | Reached XP level 3. HP: 7/33 MP: 3/3
  1173 | D:2      | Reached XP level 4. HP: 39/40 MP: 3/5
  1402 | D:2      | Reached skill level 1 in Spellcasting
  1730 | D:3      | You fall into a shaft and drop 3 floors!
  1757 | D:6      | Reached XP level 5. HP: 46/46 MP: 6/6
  1833 | D:6      | Noticed a black bear
  1844 | D:6      | Killed a black bear
  1845 | D:6      | Reached skill level 5 in Axes
  1845 | D:6      | Reached XP level 6. HP: 36/52 MP: 6/8
  1855 | D:6      | Learned a level 3 spell: Ozocubu's Armour
  1923 | D:5      | Entered Level 5 of the Dungeon
  1960 | D:5      | Found a staircase to the Ecumenical Temple.
  2108 | D:5      | Reached XP level 7. HP: 28/60 MP: 9/9
  2309 | D:4      | Noticed Robin
  2567 | D:4      | Reached skill level 5 in Fighting
  2575 | D:4      | Killed Robin
  2723 | D:4      | Found Guotiwn's General Store.
  2723 | D:4      | Found Liunt's General Store.
  2727 | D:4      | Found Lycvaimma's Assorted Antiques.
  2727 | D:4      | Found Gianoed's Jewellery Boutique.
  2791 | D:4      | Bought a +6 war axe of venom for 434 gold pieces
  3273 | D:5      | Noticed Eustachio
  3297 | D:5      | Killed Eustachio
  3298 | D:5      | Reached XP level 8. HP: 68/68 MP: 10/10
  3496 | D:5      | Identified the +5 dire flail of Ru, Writhing {venom, +Blink
                  | rCorr Str+3}
  3496 | D:5      | Noticed roxyxy's ghost (novice GrEE)
  3498 | D:5      | Found a transporter.
  3502 | D:5      | Found Fasinir's Armour Boutique.
  3523 | D:5      | Found an iron altar of Okawaru.
  3523 | D:5      | Found a bloodstained altar of Trog.
  3540 | D:5      | Found a transporter.
  3599 | D:6      | Noticed a yak
  3599 | D:6      | Noticed a yak
  3718 | D:3      | Found a glowing golden altar of the Shining One.
  4126 | D:3      | Identified the +1 robe of the End {rC- Str+4 Slay+3}
  4605 | D:6      | Found Myaffi's General Store.
  4718 | D:6      | Noticed a yak
  4718 | D:6      | Noticed a yak
  4718 | D:6      | Noticed a yak
  4718 | D:6      | Noticed a yak
  4752 | D:6      | Killed a yak
  4753 | D:6      | Reached skill level 10 in Axes
  4758 | D:6      | Killed a yak
  4759 | D:6      | Reached skill level 5 in Armour
  4764 | D:6      | Killed a yak
  4765 | D:6      | Reached XP level 9. HP: 75/75 MP: 11/11
  4772 | D:6      | Reached skill level 1 in Dodging
  4967 | D:6      | Noticed a gargoyle
  4987 | D:6      | Killed a gargoyle
  5297 | D:7      | Identified a scroll of acquirement
  5297 | D:7      | Acquired the +6 broad axe of Excruciating Pain {protect,
                  | +Blink rN+}
  5307 | D:7      | Noticed a troll
  5322 | D:7      | Killed a troll
  5509 | D:7      | Found a shimmering altar of Xom.
  5569 | D:7      | Found an opulent altar of Gozag.
  5626 | D:7      | Reached XP level 10. HP: 85/86 MP: 12/12
  5646 | D:7      | Found a runed translucent door.
  5684 | D:7      | Found a shadowy altar of Dithmenos.
  5793 | D:7      | Noticed PostNTower's ghost (novice DrTm)
  5912 | D:7      | Noticed Joseph
  5922 | D:7      | Killed Joseph
  5968 | D:7      | Found a sparkling altar of Nemelex Xobeh.
  5975 | D:7      | Found a hazy altar of Hepliaklqana.
  5977 | D:7      | Found a sacrificial altar of Ru.
  5978 | D:7      | Found a blossoming altar of Fedhas.
  5980 | D:7      | Found an ancient bone altar of Kikubaaqudgha.
  6174 | D:8      | Found an ornate altar of the Wu Jian Council.
  6182 | D:8      | Noticed a two-headed ogre
  6544 | D:8      | Found a runed translucent door.
  6558 | D:8      | Found a flagged portal.
  6593 | D:8      | Found a shimmering altar of Xom.
  6593 | D:8      | Noticed windycow's ghost (novice DsGl)
  6593 | D:8      | Noticed a +0 scimitar of chaos
  6612 | Bailey   | Entered a bailey
  7037 | Bailey   | Reached skill level 5 in Shields
  7091 | Bailey   | Reached skill level 15 in Axes
  7250 | Bailey   | Identified the ring "Nyrpheng" {Fire Will+}
  7449 | D:5      | Bought the +9 scales of the Dragon King {rPois rF+ rC+
                  | Will+} for 1372 gold pieces
  7449 | D:5      | Found the +9 scales of the Dragon King {rPois rF+ rC+
                  | Will+}
  7479 | D:5      | Killed roxyxy's ghost
  7575 | D:7      | Killed PostNTower's ghost
  7576 | D:7      | Reached XP level 11. HP: 97/97 MP: 13/13
  7695 | D:8      | Found a runed translucent door.
  7815 | D:8      | Found a radiant altar of Vehumet.
  7903 | D:8      | Killed a +0 scimitar of chaos
  7904 | D:8      | Reached skill level 10 in Fighting
  7912 | D:8      | Killed windycow's ghost
  8100 | D:8      | Killed a two-headed ogre
  8301 | D:8      | Found a runed translucent gate.
  8317 | D:8      | Noticed a boulder beetle
  8319 | D:8      | Found a runed translucent gate.
  8319 | D:8      | Found a runed translucent gate.
  8319 | D:8      | Found a runed translucent gate.
  8319 | D:8      | Found a runed translucent gate.
  8319 | D:8      | Found a runed translucent gate.
  8319 | D:8      | Noticed a lindwurm
  8319 | D:8      | Noticed a boulder beetle
  8401 | D:8      | Identified the +4 hat "Waqauq" {Fly}
  8431 | D:8      | Killed a boulder beetle
  8447 | D:8      | Killed a boulder beetle
  8470 | D:8      | Killed a lindwurm
  8589 | D:9      | Noticed Harold
  8589 | D:9      | Found Taomem's Assorted Antiques.
  8605 | D:9      | Killed Harold
  9136 | D:9      | Reached XP level 12. HP: 110/110 MP: 14/14
  9273 | D:10     | Entered Level 10 of the Dungeon
  9493 | D:10     | Reached skill level 1 in Stealth
  9584 | D:10     | Noticed Snorg
  9599 | D:10     | Killed Snorg
 10167 | D:11     | Noticed a two-headed ogre
 10295 | D:11     | Found a staircase to the Lair.
 10317 | D:11     | Killed a two-headed ogre
 10496 | D:11     | Noticed a two-headed ogre
 10510 | D:11     | Killed a two-headed ogre
 10969 | D:12     | Found a staircase to the Orcish Mines.
 11033 | D:12     | Noticed a two-headed ogre
 11047 | D:12     | Killed a two-headed ogre
 11108 | D:12     | Reached XP level 13. HP: 122/122 MP: 15/15
 11108 | D:12     | Identified the +4 spear "Poucam" {vamp, Dex+4}
 11208 | D:12     | Found a frozen archway.
 11232 | IceCv    | Entered an ice cave
 11272 | IceCv    | Found a transporter.
 11289 | IceCv    | Found a transporter.
 12061 | Lair:1   | Entered Level 1 of the Lair of Beasts
 13195 | Lair:2   | Found a staircase to the Shoals.
 13554 | Lair:2   | Found a blossoming altar of Fedhas.
 13802 | Lair:2   | Found a staircase to the Snake Pit.
 14002 | Lair:3   | Noticed Urug
 14021 | Lair:3   | Killed Urug
 14101 | Lair:3   | Reached skill level 15 in Fighting
 14101 | Lair:3   | Noticed Rupert
 14112 | Lair:3   | Reached skill level 10 in Armour
 14122 | Lair:3   | Killed Rupert
 14737 | Lair:3   | Noticed Sonja
 14741 | Abyss:2  | Cast into level 2 of the Abyss (Sonja)
 14769 | Abyss:2  | Found a corrupted altar of Lugonu.
 14783 | Abyss:3  | Gained mutation: You are dopey. (Int -2) [a neqoxec]
 14787 | Abyss:3  | Found a sacrificial altar of Ru.
 14825 | Abyss:4  | Identified the +5 sling of Righteous Fury {antimagic, Str+4
                  | Dex+2}
 14855 | Abyss:4  | Noticed a tentacled starspawn
 14860 | Abyss:4  | Killed a tentacled starspawn
 14861 | Abyss:4  | Reached XP level 14. HP: 135/135 MP: 16/16
 14881 | Abyss:4  | Noticed a tentacled starspawn
 14891 | Abyss:4  | Killed a tentacled starspawn
 14912 | Abyss:4  | Noticed a daeva
 14937 | Abyss:4  | Killed a daeva
 15014 | Abyss:4  | Killed a lorocyproca
 15019 | Abyss:4  | Found a corrupted altar of Lugonu.
 15141 | Abyss:4  | Noticed a tentacled starspawn
 15152 | Abyss:4  | Killed a tentacled starspawn
 15180 | Abyss:4  | Noticed a bone dragon
 15182 | Abyss:4  | Noticed a starcursed mass
 15279 | Abyss:5  | Noticed a starcursed mass
 15303 | Abyss:5  | HP: 4/138 [starcursed mass/accursed screaming (6)]
 15308 | Abyss:5  | Noticed a purple very ugly thing
 15312 | Lair:3   | Escaped the Abyss
 15347 | Lair:3   | Killed Sonja
 16436 | Lair:4   | Found a runed translucent door.
 16840 | Lair:4   | Noticed Uzysm's ghost (journeyman DsBe)
 16861 | Lair:4   | Killed Uzysm's ghost
 16906 | Lair:5   | Entered Level 5 of the Lair of Beasts
 16968 | Lair:5   | Reached skill level 1 in Maces & Flails
 17083 | Lair:5   | Reached XP level 15. HP: 127/147 MP: 17/17
 17189 | Lair:5   | Found a viscous altar of Jiyva.
 17189 | Lair:5   | Found a staircase to the Slime Pits.
 17211 | Lair:5   | Identified the +3 plate armour of Glamorous Leaves {+Inv
                  | Str-2 Int+2}
 17478 | Lair:5   | Found a runed translucent door.
 18086 | Lair:5   | Identified the +5 short sword of Suicidal Tendencies
                  | {antimagic, Str+4 Int+3}
 18583 | Orc:1    | Entered Level 1 of the Orcish Mines
 18698 | Orc:2    | Entered Level 2 of the Orcish Mines
 18736 | Orc:2    | Found a staircase to the Elven Halls.
 18762 | Orc:1    | Noticed Jorgrun
 18784 | Orc:1    | Killed Jorgrun
 19194 | Orc:2    | Found Libesop's Magic Scroll Boutique.
 19261 | Orc:2    | Found Fifoid Soan's General Store.
 19352 | Orc:2    | Found Axefenaa's Book Emporium.
 19354 | Orc:2    | Found Jyducamu's General Store.
 19713 | Orc:1    | Found a burning altar of Makhleb.
 19761 | Orc:1    | Noticed Nergalle
 19769 | Orc:1    | Killed Nergalle
 20112 | Snake:1  | Entered Level 1 of the Snake Pit
 20622 | Snake:1  | Reached XP level 16. HP: 160/160 MP: 18/18
 20887 | Snake:1  | Reached skill level 10 in Shields
 21676 | Snake:1  | Identified the +0 plate armour of Moral Flaws {Dex+5}
 22266 | Snake:2  | You are sucked into a shaft and drop 1 floor!
 22534 | Snake:2  | Identified the ring of the Meager Apricot {EV+5 SInv}
 22700 | Snake:2  | Noticed a nagaraja
 22701 | Snake:2  | Noticed a nagaraja
 22730 | Snake:2  | Killed a nagaraja
 22732 | Snake:2  | Killed a nagaraja
 23328 | Snake:2  | Bought the ring "Fyam" {rPois rCorr SInv} for 743 gold
                  | pieces
 23328 | Snake:2  | Bought the necklace of Bloodlust {Fury *Rage Will++ Int-3
                  | Slay+6} for 951 gold pieces
 23328 | Snake:2  | Found the necklace of Bloodlust {Fury *Rage Will++ Int-3
                  | Slay+6}
 23433 | Snake:2  | Reached XP level 17. HP: 147/171 MP: 19/19
 23814 | Snake:4  | Entered Level 4 of the Snake Pit
 24913 | Snake:3  | Found Mieschej's Distillery.
 26773 | Snake:4  | Got a serpentine rune of Zot
 27015 | Snake:4  | Reached skill level 15 in Shields
 27024 | Snake:4  | Reached XP level 18. HP: 149/182 MP: 20/20
 28317 | D:13     | Identified the +1 buckler "Ifetag" {rPois rF- rC++ Dex+2}
 28470 | D:14     | Found Suohoes's Magic Scroll Boutique.
 28474 | D:14     | Bought a scroll of enchant armour for 97 gold pieces
 28474 | D:14     | Bought a scroll of enchant armour for 97 gold pieces
 28488 | D:14     | Found a transporter.
 28488 | D:14     | Found a transporter.
 28580 | D:14     | Found a gate to the Vaults.
 28681 | D:14     | Found a transporter.
 28706 | D:14     | Found a transporter.
 28729 | D:14     | Noticed Roxanne
 28749 | D:14     | Killed Roxanne
 28912 | D:14     | Found a transporter.
 28915 | D:14     | Found a transporter.
 29248 | D:15     | Entered Level 15 of the Dungeon
 29299 | D:15     | Found a glowing silver altar of Zin.
 29338 | D:15     | Found a burning altar of Makhleb.
 29761 | D:15     | Found a staircase to the Depths.
 30207 | Shoals:1 | Entered Level 1 of the Shoals
 30651 | Shoals:1 | Found Toap's Antique Armour Shop.
 31141 | Shoals:1 | Bought a glowing scarf for 240 gold pieces
 31269 | Shoals:2 | Noticed Louise
 31809 | Abyss:5  | Cast into level 5 of the Abyss (Louise)
 31818 | Abyss:5  | Noticed a bone dragon
 31848 | Abyss:5  | Killed a bone dragon
 31973 | Abyss:5  | Found a corrupted altar of Lugonu.
 32051 | Abyss:5  | Reached XP level 19. HP: 88/193 MP: 21/21
 32090 | Abyss:5  | Found a corrupted altar of Lugonu.
 32094 | Abyss:5  | Noticed a tentacled monstrosity
 32112 | Abyss:5  | Got an abyssal rune of Zot
 32117 | Abyss:5  | Paralysed by accursed screaming for 2 turns
 32130 | Shoals:2 | Escaped the Abyss
 32957 | Shoals:2 | Killed Louise
 33434 | Shoals:3 | Noticed Mlioglotl
 33446 | Shoals:3 | Noticed a hellephant
 33457 | Shoals:3 | Killed Mlioglotl
 33601 | Shoals:3 | Noticed Aizul
 33619 | Shoals:2 | Killed Aizul
 34526 | Abyss:5  | Cast into level 5 of the Abyss (merfolk impaler)
 34540 | Shoals:3 | Escaped the Abyss
 35165 | Shoals:4 | Entered Level 4 of the Shoals
 35960 | Shoals:4 | Reached XP level 20. HP: 180/205 MP: 22/22
 36166 | Shoals:4 | Got a barnacled rune of Zot
 36218 | Shoals:4 | Found Leirho's Book Emporium.
 37095 | Vaults:1 | Entered Level 1 of the Vaults
 37103 | Vaults:1 | Identified the +0 ring mail of Beogh's Supremacy {Dex+3}
 37597 | Vaults:1 | Found Teagg's General Store.
 38515 | Vaults:2 | Noticed Sojobo
 39453 | Vaults:2 | Noticed Mennas
 39779 | Vaults:2 | Killed Mennas
 39919 | Vaults:2 | Killed Sojobo
 39986 | Vaults:2 | Reached XP level 21. HP: 108/215 MP: 23/23
 40328 | Vaults:2 | Found a staircase to the Crypt.
 40800 | Vaults:2 | Found Apla's Armour Shop.
 41459 | Vaults:3 | Noticed Asterion
 41468 | Vaults:3 | Killed Asterion
 41523 | Vaults:3 | Reached skill level 5 in Dodging
 41683 | Vaults:3 | Noticed Donald
 41748 | Vaults:2 | Killed Donald
 42051 | Vaults:3 | Noticed Xtahua
 42078 | Vaults:3 | Killed Xtahua
 42087 | Vaults:3 | Reached skill level 15 in Armour
 42847 | Depths:1 | Entered Level 1 of the Depths
 43164 | Elf:1    | Entered Level 1 of the Elven Halls
 43178 | Elf:1    | Reached XP level 22. HP: 198/226 MP: 24/24
 43353 | Elf:1    | You are sucked into a shaft and drop 1 floor!
 43604 | Elf:2    | Found a huge runed translucent gate.
 43605 | Elf:2    | Found a huge runed translucent gate.
 43607 | Elf:2    | Found a huge runed translucent gate.
 43608 | Elf:2    | Found a huge runed translucent gate.
 43609 | Elf:2    | Found a huge runed translucent gate.
 44762 | Elf:1    | Found a runed translucent gate.
 44762 | Elf:1    | Found a runed translucent gate.
 44762 | Elf:1    | Found a runed translucent gate.
 44762 | Elf:1    | Found a runed translucent gate.
 44762 | Elf:1    | Found a runed translucent gate.
 44764 | Elf:1    | Found a runed translucent gate.
 45622 | Elf:3    | Entered Level 3 of the Elven Halls
 46235 | Elf:3    | Found Agur's Assorted Antiques.
 46259 | Elf:3    | Bought a scarf of resistance for 448 gold pieces
 46259 | Elf:3    | Bought the +3 pair of gauntlets of War {Slay+5} for 665
                  | gold pieces
 46259 | Elf:3    | Found the +3 pair of gauntlets of War {Slay+5}
 46308 | Elf:3    | Identified the +0 chain mail "Kuiwiptu" {rCorr Str-5 Dex+2
                  | Slay+3}
 46308 | Elf:3    | Identified the amulet of the Scarab {Acrobat rN+++ Will-
                  | Int+4}
 46431 | Elf:3    | Paralysed by an air elemental for 1 turns
 46474 | Elf:3    | Identified the +6 dagger of Ukluluz {speed, Dex+6}
 46721 | Elf:3    | Reached XP level 23. HP: 238/238 MP: 25/25
 46779 | Elf:3    | Identified the ring of the Well-Known Knaves {rC++ rN+
                  | rCorr Str-5 Dex+3}
 47057 | Elf:3    | Got the Spellbook of Spectral Variation
 48005 | Depths:1 | Found a one-way gate to the infinite horrors of the Abyss.
 48257 | Depths:1 | Found a stormy altar of Qazlal.
 48382 | Depths:1 | Found a gateway to Hell.
 48619 | Depths:2 | Noticed Grunn
 48647 | Depths:2 | Killed Grunn
 48905 | Depths:2 | Reached skill level 27 in Fighting
 49411 | Depths:2 | Identified the ring of Harmony {Wiz Str+4 Int+2}
 49434 | Depths:2 | Identified the ring of Intercession {rPois rC+ rCorr AC+4}
 49445 | Depths:2 | Reached skill level 27 in Axes
 49540 | Depths:2 | Found a radiant altar of Vehumet.
 49564 | Depths:2 | Found a shadowy altar of Dithmenos.
 49671 | Depths:2 | Got Wonlaj's Vademecum on the Vector
 49755 | Depths:2 | Noticed Nikola
 49765 | Depths:2 | Killed Nikola
 49895 | Depths:2 | Found Giabeban's Distillery.
 50043 | Depths:2 | Found a one-way gate leading to the halls of Pandemonium.
 50129 | Depths:2 | Bought an ebony war axe for 425 gold pieces
 50129 | Depths:2 | Identified the +7 war axe "Laim" {heavy, Fly rPois rN+
                  | Dex+2} (You bought it in a shop on level 2 of the Depths)
 50152 | Depths:3 | Noticed Saint Roka
 50152 | Depths:3 | Found a snail-covered altar of Cheibriados.
 50171 | Depths:2 | Killed Saint Roka
 50407 | Depths:3 | Noticed a golden dragon
 50415 | Depths:3 | Reached XP level 24. HP: 225/249 MP: 25/25
 50925 | Depths:3 | Found a white marble altar of Elyvilon.
 51272 | Depths:3 | Found a corrupted altar of Lugonu.
 51839 | Depths:4 | Entered Level 4 of the Depths
 52484 | Depths:4 | Found a gate to the Realm of Zot.
 52561 | Depths:4 | Found a one-way gateway to a ziggurat.
 53720 | Zot:1    | Entered Level 1 of the Realm of Zot
 54085 | Zot:1    | Reached XP level 25. HP: 244/257 MP: 25/25
 54132 | Zot:1    | Identified the +0 robe "Buqatwirixt" {rElec rPois rF+}
 54580 | Zot:1    | Reached skill level 10 in Dodging
 54977 | Zot:3    | Noticed a Killer Klown
 54990 | Zot:3    | Killed a Killer Klown
 60338 | Zot:4    | Reached XP level 26. HP: 266/266 MP: 25/25
 60427 | Zot:4    | HP: 13/266 [something/bolt of lightning (13)]
 61340 | Zot:4    | Reached skill level 27 in Shields
 62155 | Zot:4    | Found a runed translucent gate.
 62155 | Zot:4    | Found a runed translucent gate.
 62155 | Zot:4    | Found a runed translucent gate.
 62155 | Zot:4    | Noticed Beel's ghost (master NaVM)
 62246 | Zot:4    | Identified the +1 ring mail "Xeriteosia" {rN+}
 62786 | Zot:4    | Noticed an orb of fire
 62790 | Zot:4    | Noticed an orb of fire
 62793 | Zot:4    | Gained mutation: Your body sometimes deteriorates upon
                  | taking damage. [an orb of fire]
 62811 | Zot:4    | Gained mutation: You occasionally lose the ability to drink
                  | potions when taking damage. [an orb of fire]
 62814 | Zot:4    | Killed an orb of fire
 62817 | Zot:4    | Gained mutation: You sometimes lose the ability to drink
                  | potions when taking damage. [an orb of fire]
 62821 | Zot:4    | Gained mutation: You have hidden genetic defects. [an orb
                  | of fire]
 62822 | Zot:4    | Killed an orb of fire
 62831 | Zot:4    | Lost mutation: Your body sometimes deteriorates upon taking
                  | damage. [potion of mutation]
 62831 | Zot:4    | Lost mutation: You are dopey. (Int -2) [potion of mutation]
 62831 | Zot:4    | Lost mutation: You sometimes lose the ability to drink
                  | potions when taking damage. [potion of mutation]
 62831 | Zot:4    | Gained mutation: Your mind is acute. (Int +4, Str/Dex -1)
                  | [potion of mutation]
 62831 | Zot:4    | Gained mutation: You are strong-willed. (Will+) [potion of
                  | mutation]
 62831 | Zot:4    | Gained mutation: Your mind is very acute. (Int +8, Str/Dex
                  | -2) [potion of mutation]
 62831 | Zot:4    | Gained mutation: You are agile. (Dex +4, Str/Int -1)
                  | [potion of mutation]
 62832 | Zot:4    | Lost mutation: You have hidden genetic defects. [potion of
                  | mutation]
 62832 | Zot:4    | Lost mutation: You are agile. (Dex +4, Str/Int -1) [potion
                  | of mutation]
 62832 | Zot:4    | Lost mutation: Your mind is very acute. (Int +8, Str/Dex
                  | -2) [potion of mutation]
 62832 | Zot:4    | Gained mutation: Your spells are a little easier to cast,
                  | but a little less powerful. [potion of mutation]
 62832 | Zot:4    | Lost mutation: Your mind is acute. (Int +4, Str/Dex -1)
                  | [potion of mutation]
 62832 | Zot:4    | Lost mutation: You are strong-willed. (Will+) [potion of
                  | mutation]
 63024 | Zot:5    | Entered Level 5 of the Realm of Zot
 63448 | Zot:5    | Noticed a Killer Klown
 63458 | Zot:5    | Killed a Killer Klown
 63823 | Zot:5    | Noticed a Killer Klown
 63836 | Zot:5    | Noticed a Killer Klown
 63846 | Zot:5    | Killed a Killer Klown
 63914 | Zot:5    | Noticed a Killer Klown
 63918 | Zot:5    | Noticed a Killer Klown
 63919 | Zot:5    | Noticed an orb of fire
 63926 | Zot:5    | a Killer Klown changed into an acid blob
 63971 | Zot:5    | Noticed a dread lich
 63979 | Zot:5    | Killed an orb of fire
 63997 | Zot:5    | Noticed a dread lich
 63998 | Zot:5    | Noticed a Killer Klown
 64002 | Zot:5    | Killed a Killer Klown
 64005 | Zot:5    | Killed a Killer Klown
 64005 | Zot:5    | Killed a dread lich
 64137 | Zot:5    | Gained mutation: You passively dampen the noise of your
                  | surroundings. [mutagenic glow]
 64139 | Zot:5    | Reached skill level 5 in Stealth
 64156 | Zot:5    | Lost mutation: Your spells are a little easier to cast, but
                  | a little less powerful. [mutagenic glow]
 64173 | Zot:5    | Noticed a Killer Klown
 64176 | Zot:5    | Noticed an orb of fire
 64176 | Zot:5    | Noticed a Killer Klown
 64182 | Zot:5    | Noticed a Killer Klown
 64191 | Zot:5    | Noticed an orb of fire
 64192 | Zot:5    | Gained mutation: You are dopey. (Int -2) [an orb of fire]
 64196 | Zot:5    | Noticed a Killer Klown
 64196 | Zot:5    | Gained mutation: You sometimes lose your temper in combat.
                  | [mutagenic glow]
 64224 | Zot:5    | Gained mutation: Your body sometimes deteriorates upon
                  | taking damage. [mutagenic glow]
 64241 | Zot:5    | Gained mutation: You are clumsy. (Dex -2) [mutagenic glow]
 64249 | Zot:5    | Gained mutation: You do not regenerate when monsters are
                  | visible. [mutagenic glow]
 64257 | Zot:5    | Gained mutation: You are very clumsy. (Dex -4) [mutagenic
                  | glow]
 64268 | Zot:5    | Gained mutation: You are occasionally teleported next to
                  | monsters. [an orb of fire]
 64332 | Zot:4    | Lost mutation: You sometimes lose your temper in combat.
                  | [potion of mutation]
 64332 | Zot:4    | Lost mutation: You occasionally lose the ability to drink
                  | potions when taking damage. [potion of mutation]
 64332 | Zot:4    | Lost mutation: Your body sometimes deteriorates upon taking
                  | damage. [potion of mutation]
 64332 | Zot:4    | Gained mutation: Your magical capacity is low. (-10% MP)
                  | [potion of mutation]
 64333 | Zot:4    | Lost mutation: You are occasionally teleported next to
                  | monsters. [potion of mutation]
 64333 | Zot:4    | Lost mutation: Your magical capacity is low. (-10% MP)
                  | [potion of mutation]
 64333 | Zot:4    | Lost mutation: You are very clumsy. (Dex -4) [potion of
                  | mutation]
 64333 | Zot:4    | Gained mutation: You possess an exceptional clarity of
                  | mind. [potion of mutation]
 64333 | Zot:4    | Gained mutation: Armour fits poorly on your strangely
                  | shaped body. [potion of mutation]
 64342 | Zot:5    | Killed a Killer Klown
 64411 | Zot:5    | Killed a Killer Klown
 64532 | Zot:5    | Gained mutation: You occasionally lose the ability to drink
                  | potions when taking damage. [an orb of fire]
 64551 | Zot:5    | Killed an orb of fire
 64571 | Zot:5    | Killed a Killer Klown
 64628 | Zot:5    | Killed a Killer Klown
 64698 | Zot:5    | Noticed a Killer Klown
 64711 | Zot:5    | Killed an orb of fire
 64737 | Zot:5    | Killed a Killer Klown
 64756 | Zot:5    | Reached XP level 27. HP: 154/273 MP: 25/25
 64980 | Zot:5    | Noticed a dread lich
 65003 | Zot:5    | Killed a dread lich
 65018 | Zot:5    | Noticed an ancient lich
 65287 | Zot:5    | Killed an ancient lich
 66507 | Zot:5    | Got the Orb of Zot
 66538 | Zot:5    | Paralysed by a Zot trap for 2 turns
 66763 | Depths:1 | Noticed Hishau the pandemonium lord
 67004 | D:14     | Noticed Douklun the pandemonium lord
 67004 | D:14     | Noticed an ancient lich
 67031 | D:13     | Killed Douklun the pandemonium lord
 67170 | D:7      | Noticed Itra the pandemonium lord
 67170 | D:7      | Noticed an ancient lich
 67386 | D:$      | Escaped with the Orb!

Illustrated notes

Levels and vault maps discovered:
D:1:      dpeg_arrival_more_subterranean_lakeside_camping, layout_loops_ring,
          chequers_ecumenical_altar_simple_redux
D:2:      layout_loops_ring, nicolae_underground_beach
D:3:      layout_basic, nicolae_tso_besieged_by_evil
D:4:      layout_cave_pods, dreamdust_mushroom_princess,
          nicolae_wooded_promenade, uniq_robin
D:5:      layout_loops_ring, grunt_temple_overflow_bloody_war,
          minmay_temple_entry_water_ring, gammafunk_ghost_smash, serial_shops,
          shop, uniq_eustachio
D:6:      layout_basic, serial_shops, nicolae_shop_tiny_glass
D:7:      layout_gridville, kennysheep_mini_moat,
          nicolae_overflow_hallway_of_the_gods, ebering_ghost_reflecting_pool,
          grunt_decor_mini_mirrors, uniq_joseph
D:8:      gammafunk_indiana_jones, layout_loops_corners, marbit_many_paths,
          mainiacjoe_overflow_chevrons, enter_bailey_4, ebering_ghost_xom,
          hangedman_decor_push, minmay_manual_macuahuitl
D:9:      layout_roguey, serial_shops, nicolae_shop_waterfront, uniq_harold
D:10:     layout_long_grid, minmay_fractal_squares_5, uniq_snorg
D:11:     minmay_goldmine, layout_basic, minmay_lair_entry_grove
D:12:     layout_basic, orc_0_dummy, portal_ice_cave_demonic_guard
D:13:     layout_irregular_city
D:14:     layout_big_octagon, grunt_vaults_entry_fortified, serial_shops, shop,
          minmay_misc_feat_more_columns, serial_nicolae_subway,
          nicolae_sub_station_stone, nicolae_sub_station_crystal,
          nicolae_sub_station_metal, uniq_roxanne
D:15:     grunt_enter_depths_snipers, layout_basic, hangedman_decor_cross_pass,
          dk_noncrumbling_2, zin_academy
Lair:1:   layout_small_grid, disabler_island, grunt_megastairs_3
Lair:2:   layout_roguey, elwin_shoals_entry_rocks, nicolae_snake_entry_squirm,
          tgw_fedhas
Lair:3:   layout_long_grid, nicolae_lair_lil_pond, uniq_urug, uniq_sonja,
          uniq_rupert
Lair:4:   layout_roguey, ebering_ghost_reflecting_pool,
          hangedman_lair_unloving_vines, lemuel_another_geyser,
          infiniplex_staircase_pool, serial_bayou_shore_a, serial_bayou_shore_b,
          lemuel_fruit_tree
Lair:5:   wormcave, layout_loops_ring, guppyfry_lair_end_dragon, slime_entry_1,
          serial_forest, infiniplex_forest_straight_2, infiniplex_forest_split,
          infiniplex_forest_clump_tiny, infiniplex_forest_corner_1,
          infiniplex_forest_lined_room_2, patterned_corridor
Shoals:1: layout_shoals, serial_shops, shop, nicolae_shoals_flooded_hall
Shoals:2: layout_shoals, yaktaur_hedge, uniq_louise
Shoals:3: layout_shoals, uniq_aizul, uniq_mlioglotl
Shoals:4: shoals_end_grunt_ice, layout_shoals, serial_shops, shop
Snake:1:  layout_layer_cave
Snake:2:  nicolae_snakescales, layout_cave_pods, hangedman_snake_sidewinding
Snake:3:  layout_onion, serial_shops, shop_statue, st_stairs_14, drop_trap
Snake:4:  grunt_snake_rune_spirals, layout_concentric_octagons
Orc:1:    layout_diamond_mine, bloody_makhleb, uniq_jorgrun, uniq_nergalle
Orc:2:    st_orc_elflike, layout_diamond_mine
Elf:1:    nicolae_elf_arrival_fired_up, layout_gridlike, orc_legates
Elf:2:    elven_hall_of_blades_hangedman_alternative
          [nicolae_blade_entry_antechamber], layout_gridlike
Elf:3:    grunt_elf_hall_branching, layout_geoelf_diagonals, serial_shops,
          nicolae_shop_behind_doors, minivault_16
Vaults:1: ontoclasm_vaults_tryst, ontoclasm_vaults_decontamination,
          nicolae_vaults_twisting_passages, vaults_dpeg_cross, v_rooms_4,
          v_misc_28, ontoclasm_vaults_chip, layout_vaults_omnigrid,
          serial_shops, shop
Vaults:2: minmay_crypt_entry_simple_round, nicolae_vaults_ninety_degrees,
          v_misc_29, nicolae_vaults_cochlea, nicolae_vaults_asterisk,
          v_pattern_1, vaults_room_hangedman_quadrants, v_alt_pattern_6,
          nicolae_vaults_three_branches, layout_vaults_omnicross, serial_shops,
          nicolae_shop_window_shopping, uniq_mennas, uniq_sojobo
Vaults:3: v_alt_pattern_6, ontoclasm_vaults_spin, v_misc_25, vaults_dpeg_spiral,
          hangedman_vaults_cutoff, vaults_room_pool, ontoclasm_vaults_hangar,
          grunt_vaults_trifunnel, vaults_mumra_minichess,
          nicolae_vaults_alarming, layout_vaults_maze_bifur, uniq_donald,
          uniq_xtahua, uniq_asterion
Depths:1: layout_long_grid, grunt_hell_entry_dis_old, minmay_misc_feat_room,
          nicolae_abyss_entry_one_way_or_another,
          nicolae_qazlal_eye_of_the_storm
Depths:2: minmay_the_grid_plus [minmay_the_grid_diamond_grid, minmay_the_grid_x,
          minmay_the_grid_minigrid_small, minmay_the_grid_minigrid_medium,
          minmay_the_grid_prize_shrinking_boxes], layout_honeycomb,
          grunt_dithmenos_smoke_and_mirrors, hangedman_coc_ice_floe,
          serial_shops, shop, grunt_pan_entry_spiral, vehumet_crystals,
          minmay_staircase_windowed_large, uniq_grunn, uniq_nikola
Depths:3: minmay_triangles_in_corner, layout_cave_pools,
          pf_vacation_house_of_asmodeus, elyvilon_altar_1,
          abyss_entry_flame_altar, cheibriados_altar_1,
          infiniplex_staircase_pillars_3b, uniq_saint_roka
Depths:4: grunt_x_marks_the_spot, layout_gridlike, enter_ziggurat_f,
          rand_demon_pan_entry_4, hell_entry, serial_bayou_pond_d,
          minmay_misc_feat_hallway, minmay_mirror_moons_of_madness
Zot:1:    kennysheep_room_grid, layout_misc_corridors
Zot:2:    minmay_elemental_castle, layout_gridlike
Zot:3:    layout_onion_interference
Zot:4:    lemuel_firehouse, layout_onion_interference, ebering_ghost_rock_garden
Zot:5:    layout_basic, st_stairs_11

Skill      XL: |  1  2  3  4  5  6  7  8  9 10 11 12 13 14 15 16 17 18 19 20 21 22 23 24 25 26 27 |
---------------+----------------------------------------------------------------------------------+-----
Ice Magic      | 1 2 3 |  3.0
Axes           | 3 5 6 8 10 13 15 17 19 21 22 23 24 25 26 27 | 27.0
Fighting       | 4 5 6 7 9 11 13 15 17 19 20 21 22 23 24 25 26 27 | 27.0
Spellcasting   | 1 |  1.4
Armour         | 4 5 6 7 8 10 11 12 13 14 15 16 17 18 20 23 24 | 24.1
Shields        | 4 5 6 7 9 12 15 17 19 20 21 22 23 25 26 27 | 27.0
Dodging        | 1 4 5 7 8 9 10 11 12 | 12.0
Stealth        | 1 2 3 4 5 |  5.4
Maces & Flails | 1 2 |  2.2
Long Blades    | |  0.6

Action                     |  1- 3 |  4- 6 |  7- 9 | 10-12 | 13-15 | 16-18 | 19-21 | 22-24 | 25-27 || total
---------------------------+-------+-------+-------+-------+-------+-------+-------+-------+-------++-------
  Melee: War axe           |    95 |   117 |   210 |       |       |       |       |       |       ||   422
         Broad axe         |       |       |    41 |   531 |  1046 |  1393 |  1852 |  1986 |  1600 ||  8449
         Dire flail        |       |       |       |       |    19 |       |       |       |       ||    19
         Eudemon blade     |       |       |       |       |       |       |    15 |       |       ||    15
 Invoke: Call Merchant     |       |       |       |     1 |     2 |     1 |       |     2 |       ||     6
         Potion Petition   |       |       |       |       |     2 |     5 |     7 |     4 |     9 ||    27
         Bribe Branch      |       |       |       |       |       |       |       |       |     1 ||     1
  Evoke: Wand              |       |       |       |       |     1 |       |       |       |       ||     1
    Use: Potion            |     1 |       |       |     2 |     8 |     1 |     7 |     3 |    10 ||    32
         Scroll            |       |       |    12 |     4 |    20 |     4 |     7 |     3 |    10 ||    60
   Stab: Distracted        |     1 |       |       |     4 |     7 |     4 |    14 |    12 |     8 ||    50
         Invisible         |       |       |       |       |       |       |       |     4 |       ||     4
 Armour: Scale mail        |    41 |     5 |       |       |       |       |       |       |       ||    46
         Chain mail        |       |    67 |   135 |   114 |       |       |       |       |       ||   316
         Gold dragon scale |       |       |       |   277 |   624 |   705 |   837 |   747 |   649 ||  3839
         Skin              |       |       |       |       |    11 |       |       |       |       ||    11
  Dodge: Dodged            |    51 |    50 |    73 |   160 |   164 |   165 |   201 |   237 |   221 ||  1322
         Repelled          |       |       |       |       |     4 |    26 |    13 |    14 |       ||    57
  Block: Buckler           |    21 |    20 |    65 |   123 |    79 |       |       |       |       ||   308
         Tower shield      |       |       |       |       |   295 |  1465 |  2070 |  1847 |  1512 ||  7189

Table legend: (Time is in decaauts)
 A = Elapsed time spent in this place.
 B = Non-inter-level travel time spent in this place.
 C = Inter-level travel time spent in this place.
 D = Time resting spent in this place.
 E = Time spent auto-exploring this place.
 F = Levels seen in this place.
 G = Mean time per level.
                   A        B        C        D        E       F      G
               +--------+--------+--------+--------+--------+-----+--------+
         Total |  65573 |  58260 |   7313 |   5387 |  34463 |  53 | 1237.2 |
       Dungeon |  14915 |  12765 |   2150 |    348 |   9548 |  15 |  994.3 |
          Lair |   6666 |   5235 |   1431 |    108 |   4123 |   5 | 1333.2 |
        Shoals |   5729 |   5329 |    400 |    453 |   3317 |   4 | 1432.2 |
     Snake Pit |   7186 |   6383 |    803 |    560 |   3797 |   4 | 1796.5 |
  Orcish Mines |   1390 |   1160 |    230 |      0 |    908 |   2 |  695.0 |
   Elven Halls |   3869 |   3617 |    252 |     81 |   2099 |   3 | 1289.7 |
        Vaults |   5624 |   5113 |    511 |    546 |   3171 |   3 | 1874.7 |
        Depths |   6214 |   5855 |    359 |    265 |   3869 |   4 | 1553.5 |
           Zot |  12253 |  11079 |   1174 |   2901 |   3043 |   5 | 2450.6 |
         Abyss |    795 |    795 |      0 |    121 |    130 |   6 |  132.5 |
        Bailey |    746 |    746 |      0 |      0 |    362 |   1 |  746.0 |
      Ice Cave |    183 |    183 |      0 |      0 |     92 |   1 |  183.0 |
               +--------+--------+--------+--------+--------+-----+--------+

Top non-repeatable levels by time:
   Zot:5: 3325 daAuts
   Zot:2: 2941 daAuts
   Zot:3: 2759 daAuts
 Snake:4: 2480 daAuts
Vaults:2: 2471 daAuts
 Snake:2: 2063 daAuts
   Zot:4: 1977 daAuts
Depths:2: 1851 daAuts
Depths:4: 1782 daAuts
Shoals:1: 1725 daAuts
Vaults:1: 1587 daAuts
 Snake:1: 1573 daAuts
  Lair:2: 1566 daAuts
Vaults:3: 1565 daAuts
Depths:3: 1540 daAuts
